 Dungeon Crawl Stone Soup version 0.22-a0-224-g8cf3520 (webtiles) character file.

186 galech the Ruffian (level 5, -4/53 HPs)
             Began as a Troll Monk on Feb 19, 2018.
             Was a Believer of Okawaru.
             Killed from afar by Sigmund (6 damage)
             ... with a magic dart
             ... on level 3 of the Dungeon.
             The game lasted 00:02:10 (1354 turns).

galech the Ruffian (Troll Monk)                     Turns: 1354, Time: 00:02:11

Health: -4/53      AC:  6    Str: 20    XL:     5   Next: 38%
Magic:  4/4        EV: 11    Int:  6    God:    Okawaru [**....]
Gold:   131        SH:  0    Dex: 12    Spells: 4/4 levels left

rFire    . . .     SeeInvis .     - Unarmed
rCold    . . .     Gourm    +   (no shield)
rNeg     . . .     Faith    .   i - +1 robe
rPois    .         Spirit   .   (helmet restricted)
rElec    .         Reflect  .   (no cloak)
rCorr    +         Harm     .   (gloves unavailable)
MR       .....                  (boots unavailable)
Stlth    ++........             (no amulet)
HPRegen  0.57/turn              e - ring of resist corrosion
MPRegen  0.09/turn              h - ring of wizardry

@: lethally poisoned (-4 -> -26)
A: large, unfitting armour, claws 3, fast metabolism 3, gourmand, regeneration
1, shaggy fur 1, tough skin 2
a: Heroism, Renounce Religion


You were on level 3 of the Dungeon.
You worshipped Okawaru.
Okawaru was pleased with you.
You were completely stuffed.

You visited 1 branch of the dungeon, and saw 3 of its levels.

You collected 131 gold pieces.

Inventory:

Armour
 a - a +0 robe
 i - a +1 robe (worn)
Jewellery
 e - a ring of resist corrosion (left claw)
 h - a ring of wizardry (right claw)
Wands
 o - a wand of digging (6)
Scrolls
 c - 7 scrolls of identify {unknown}
 d - 2 scrolls of random uselessness {unknown}
 f - a scroll of immolation {unknown}
 g - a scroll of magic mapping {unknown}
 j - a scroll of blinking {unknown}
 k - a scroll of amnesia {unknown}
 m - a scroll of fog {unknown}
 q - a scroll of teleportation {unknown}
Potions
 l - a potion of haste {unknown}
 n - a potion of brilliance {unknown}
 r - a potion of invisibility {unknown}
Comestibles
 b - 6 rations


   Skills:
 + Level 3.4 Fighting
 + Level 3.4 Dodging
 - Level 1.1 Stealth
 + Level 4.4 Unarmed Combat


You had 4 spell levels left.
You didn't know any spells.

Dungeon Overview and Level Annotations

Branches:
Dungeon (3/15)

Altars:
Ashenzari
Okawaru

Annotations:
D:3 Sigmund


Innate Abilities, Weirdness & Mutations

You are too large for most types of armour.
You have claws for hands.
Your metabolism is lightning-fast.
You like to eat raw meat.
Your natural rate of healing is unusually fast.
You are covered in fur. (AC +1)
You have very tough skin. (AC +2)


Message History

Something hits you!
* * * LOW HITPOINT WARNING * * *
You are more poisoned.
You scratch the bat.
The bat is severely wounded.
* * * LOW HITPOINT WARNING * * *
You feel very sick. The bat closely misses you.
The bat hits you but does no damage.
You closely miss the bat.
The bat is severely wounded.
* * * LOW HITPOINT WARNING * * *
You feel sick. The bat barely misses you. Something hits you.
* * * LOW HITPOINT WARNING * * *
You are more poisoned.
* * * LOW HITPOINT WARNING * * *
You feel very sick.
You hear some strange, mumbled words.
A magic dart appears from out of thin air!
The magic dart hits you!
You die...

###########
#.).$......
###########
..........
#.........###
........
#.#######...####.).##
#.# ###...(.@{..# #.#
######<#...# #.# .b#
#.... #.# .### ##.
#.# #. #.# # #.# #.#
..#


You could see a bat.

Vanquished Creatures
  Jessica (D:2)
  Natasha (thrice) (D:2)
  Terence (D:2)
  2 oozes (D:2)
  A worm (D:2)
  3 dart slugs
  3 bats
  5 giant cockroaches
  5 goblins
  6 hobgoblins
  A quokka (D:2)
  4 frilled lizards
  5 kobolds
  5 rats
45 creatures vanquished.

Notes
Turn   | Place    | Note
-------+----------+-------------------------------------------
     0 | D:1      | galech the Troll Monk began the quest for the Orb.
     0 | D:1      | Reached XP level 1. HP: 22/22 MP: 0/0
   175 | D:1      | Reached XP level 2. HP: 28/29 MP: 1/1
   511 | D:2      | Noticed Jessica
   523 | D:2      | Reached XP level 3. HP: 21/36 MP: 2/2
   525 | D:2      | Killed Jessica
   590 | D:2      | Noticed Terence
   600 | D:2      | Killed Terence
   600 | D:2      | Reached XP level 4. HP: 45/45 MP: 3/3
   601 | D:2      | Reached skill level 4 in Unarmed Combat
   631 | D:2      | Found a shattered altar of Ashenzari.
   663 | D:2      | Noticed Natasha
   673 | D:2      | Killed Natasha
   762 | D:2      | Found an iron altar of Okawaru.
   765 | D:2      | Became a worshipper of Warmaster Okawaru
   765 | D:2      | Reached * piety under Okawaru
   765 | D:2      | Reached ** piety under Okawaru
  1009 | D:2      | Noticed Natasha
  1012 | D:2      | Killed Natasha
  1012 | D:2      | Reached XP level 5. HP: 50/53 MP: 4/4
  1196 | D:2      | Noticed Natasha
  1205 | D:2      | Killed Natasha
  1334 | D:3      | Noticed Sigmund
  1354 | D:3      | HP: 2/53 [poisoned by Sigmund]
  1354 | D:3      | Killed from afar by Sigmund

Vault maps used:
D:1:      dpeg_arrival_snail
D:2:      lemuel_doored_altar, nicolae_ashenzari_panopticon, uniq_terence,
          uniq_natasha, uniq_jessica
D:3:      uniq_sigmund

Skill      XL: |  1  2  3  4 |
---------------+-------------+-----
Dodging        | 3 |  3.4
Fighting       | 3 |  3.4
Unarmed Combat | 4 |  4.4
Stealth        | |  1.1

Action                   |  1- 3 |  4- 6 || total
-------------------------+-------+-------++-------
Melee: Unarmed           |    55 |    54 ||   109
       Punch             |       |     1 ||     1
 Stab: Sleeping          |     1 |     1 ||     2
  Eat: Chunk             |    11 |     7 ||    18
Armor: Robe              |     9 |    17 ||    26
Dodge: Dodged            |    29 |    25 ||    54

Table legend:
 A = Spawn XP
 B = Non-spawn XP
 C = Spawn XP percentage of total XP
 D = Spawn monster count
 E = Non-spawn monster count
 F = Spawn count percentage of total count
 G = Total turns spent on level
                    A         B        C        D         E        F      G
               +---------+---------+-------+---------+---------+-------+---------
         Total |       0 |     266 |   0.0 |       0 |      45 |   0.0 |  1354
               +---------+---------+-------+---------+---------+-------+---------
           D:1 |       0 |      30 |   0.0 |       0 |      16 |   0.0 |   501
           D:2 |       0 |     232 |   0.0 |       0 |      26 |   0.0 |   795
           D:3 |       0 |       4 |   0.0 |       0 |       3 |   0.0 |    58
               +---------+---------+-------+---------+---------+-------+---------
